 Dungeon Crawl Stone Soup version 0.28.0-53-g5a82cb258f (webtiles) character file.

Game seed: 973252689405532707

254 Descartes the Magician (level 5, -1/28 HPs)
             Began as a Deep Elf Fire Elementalist on July 15, 2022.
             Slain by a lemure (4 damage)
             ... led by Pikel
             ... on level 4 of the Dungeon.
             The game lasted 00:11:23 (4151 turns).

Descartes the Magician (Deep Elf Fire Elementalist) Turns: 4151, Time: 00:11:24

Health: -1/28      AC:  3    Str:  7    XL:     5   Next: 90%
Magic:  4/14       EV: 13    Int: 20    God:
Gold:   222        SH:  0    Dex: 15    Spells: 6/13 levels left

rFire   . . .      SeeInvis .   o - +0 dagger
rCold   . . .      Faith    .   (no shield)
rNeg    . . .      Spirit   .   a - +0 robe
rPois   .          Reflect  .   (no helmet)
rElec   .          Harm     .   (no cloak)
rCorr   .          Rampage  .   m - +0 pair of gloves
Will    .....                   (no boots)
Stlth   ++........              (no amulet)
HPRegen 0.09/turn               (no ring)
MPRegen 0.14/turn               (no ring)

@: no status effects
A: no striking features
a: no special abilities


You were on level 4 of the Dungeon.
You visited 1 branch of the dungeon, and saw 4 of its levels.

You collected 222 gold pieces.

Inventory:

Hand Weapons
 o - a +0 dagger (weapon)
Missiles
 g - 94 stones
 h - 44 arrows
 j - 2 curare-tipped darts
Armour
 a - a +0 robe (worn)
 m - a +0 pair of gloves (worn)
Jewellery
 b - a ring of ice
 d - a ring of flight
Scrolls
 i - 2 scrolls of vulnerability
 l - a scroll of teleportation {unknown}
Potions
 c - a potion of resistance {unknown}
 e - 2 potions of attraction {unknown}
 k - a potion of haste {unknown}
 n - a potion of curing {unknown}


   Skills:
 + Level 4.2 Dodging
 - Level 2.4 Stealth
 + Level 4.8 Spellcasting
 + Level 3.3 Conjurations
 + Level 4.6 Fire Magic


You had 6 spell levels left.
You knew the following spells:

 Your Spells              Type           Power      Damage    Failure   Level
a - Foxfire               Conj/Fire      80%        2x1d8     2%          1
b - Scorch                Fire           46%        2d7       2%          2
c - Flame Wave            Conj/Fire      20%        2d7       22%         4

Your spell library contained the following spells:

 Spells                   Type           Power      Damage    Failure   Level
 Conjure Flame            Conj/Fire      20%        6-21      7%          3
 Inner Flame              Hex/Fire       14%        N/A       14%         3


Dungeon Overview and Level Annotations

Branches:
Dungeon (4/15)             Temple (0/1) D:4

Altars:
Vehumet

Shops:
D:2 ?

Annotations:
D:4 Pikel


Message History

The lemure shouts!
You hear a shout!
Pikel, Merchant of Souls comes into view.
He is wielding a +2 whip of freezing.
Casting: Foxfire (safe; 2% risk of failure)
Confirm with . or Enter, or press ? or * to list all spells.
You conjure some foxfire!
Casting: Foxfire (safe; 2% risk of failure)
Confirm with . or Enter, or press ? or * to list all spells.
You conjure some foxfire!
The foxfire hits the lemure but does no damage.
A lemure comes into view.
The foxfire hits the lemure but does no damage.
Casting: Foxfire (safe; 2% risk of failure)
Confirm with . or Enter, or press ? or * to list all spells.
You conjure some foxfire!
The foxfire hits the lemure.
The lemure is lightly wounded.
The foxfire hits the lemure!
The lemure is heavily wounded.
The foxfire hits the lemure but does no damage.
The lemure is heavily wounded.
The foxfire hits the lemure.
The lemure is heavily wounded.
A lemure comes into view.
The lemure shouts!
The lemure hits you.
The lemure hits the bush.
Pikel hits you with a +2 whip of freezing!
* * * LOW HITPOINT WARNING * * *
Pikel freezes you.
* * * LOW HITPOINT WARNING * * *
Pikel says, "I touched Geryon's horn once."
Found a book of Geomancy.
Found an escape hatch in the floor.
A lemure comes into view.
The lemure shouts!
An orc comes into view. It is wielding a +0 flail.
A goblin comes into view. It is wielding a +0 dagger.
The goblin shouts!
The lemure closely misses you. The lemure hits you.
You die...

#.♣♣♣♣♣♣)..# *,..*,,,*
*,,,,,, .PPP♣,♣PP..#
*####**** *,,,,,,
...♣♣♣♣....# *...#,,,*
*******
..P♣.PP....###.>.#,∩,*
..P.P......#.#...*,,,**#
##..5......#.'##*****+.#
,###+####.5....#####..#*
,,,,,,,,#...5........#*
,,,,,,,,#......5@....#
,,,,,,,,#....K5......#
,,,,,,,,#.:..........#
,,,,,,,,#........g...#**
,**,**+*#..............**
+**,**,,##+#.........P..*
,,,,,,,,,,,#...o......P.*
,,,,,,,,,,,#.........♣♣,*
,,,,,,,,,,,#......P.♣♣*,*
***


You could see Pikel, 4 lemures, an orc (wandering) and a goblin.

Vanquished Creatures
  A phantom (D:2)
  An orc priest (D:4)
  An iguana (D:3)
  4 adders (D:2)
  3 worms
  An adder skeleton (D:4)
  4 dart slugs
  3 orcs (D:4)
  An endoplasm (D:1)
  4 giant cockroaches
  3 goblins
  6 hobgoblins
  12 jackals
  2 kobolds
  2 quokkas
  6 ball pythons
  5 bats
  A frilled lizard (D:1)
  6 rats
66 creatures vanquished.

Vanquished Creatures (collateral kills)
  A foxfire (D:4)
1 creature vanquished.

Vanquished Creatures (others)
  274 foxfires
274 creatures vanquished.

Grand Total: 341 creatures vanquished

Notes
Turn   | Place    | Note
-------+----------+-------------------------------------------
     0 | D:1      | Descartes the Deep Elf Fire Elementalist began the quest
                  | for the Orb.
     0 | D:1      | Reached XP level 1. HP: 10/10 MP: 6/6
   232 | D:1      | Reached XP level 2. HP: 15/15 MP: 6/8
   933 | D:1      | Reached XP level 3. HP: 19/19 MP: 0/10
  1418 | D:2      | You fall into a shaft and drop 1 floor!
  1806 | D:2      | Found a faded altar of an unknown god.
  1988 | D:2      | Found a radiant altar of Vehumet.
  1994 | D:2      | Reached XP level 4. HP: 10/24 MP: 7/11
  2231 | D:2      | Found Ladghut's Magic Scroll Emporium.
  2430 | D:2      | Noticed a phantom
  2441 | D:2      | Killed a phantom
  2442 | D:2      | Reached XP level 5. HP: 14/28 MP: 4/13
  3106 | D:2      | Learned a level 2 spell: Scorch
  3111 | D:2      | Learned a level 4 spell: Flame Wave
  4117 | D:4      | Noticed a lemure
  4121 | D:4      | Noticed Pikel
  4124 | D:4      | Noticed a lemure
  4126 | D:4      | Noticed a lemure
  4131 | D:4      | HP: 1/28 [Pikel/+2 whip of freezing (5)]
  4146 | D:4      | Noticed a lemure
  4151 | D:4      | Slain by a lemure

Illustrated notes

Levels and vault maps discovered:
D:1:      amcnicky_arrival_double_pillar, layout_basic
D:2:      layout_loops_ring, basic_altar, ebering_ecumenical_altar_hall,
          serial_shops, nicolae_shop_waterfront, minmay_3d_cube
D:3:      layout_loops_cross, minivault_14
D:4:      layout_gridville, vehumet_altar_wand_db, temple_green,
          gammafunk_ghost_nasty_kobolds, serial_forest,
          infiniplex_forest_straight_4, infiniplex_forest_join,
          infiniplex_forest_clump_curved, infiniplex_forest_lined_3,
          infiniplex_forest_lined_3, infiniplex_forest_clump_medium,
          infiniplex_forest_join, infiniplex_forest_lined_ring,
          infiniplex_forest_lined_4_way, nicolae_ossuary_entry_false_entrances,
          minmay_misc_feat_roman, uniq_pikel

Skill      XL: |  1  2  3  4  5 |
---------------+----------------+-----
Dodging        | 3 4 |  4.2
Conjurations   | 2 3 |  3.3
Spellcasting   | 4 |  4.8
Fire Magic     | 4 |  4.6
Stealth        | |  2.4

Action                   |  1- 3 |  4- 6 || total
-------------------------+-------+-------++-------
Melee: Unarmed           |     1 |       ||     1
 Cast: Foxfire           |    84 |    85 ||   169
  Use: Scroll            |       |     3 ||     3
Armor: Robe              |     5 |     3 ||     8
Dodge: Dodged            |    15 |    14 ||    29
